 Dungeon Crawl Stone Soup version 0.29.0-4-gdea44cf6ec (webtiles) character file.

Game seed: 4276633306054705237

25060 112233 the Destroyer (level 12, -27/57 HPs)
             Began as a Felid Conjurer on Aug 26, 2022.
             Was a High Priest of Vehumet.
             Shot with an arrow by a centaur warrior (33 damage)
             ... on level 14 of the Dungeon.
             The game lasted 01:04:37 (39210 turns).

112233 the Destroyer (Felid Conjurer)              Turns: 39210, Time: 01:04:38

Health: -27/57     AC:  7    Str:  3    XL:     12   Next: 86%
Magic:  28/28      EV: 24    Int: 31    God:    Vehumet [*****.]
Gold:   665        SH:  0    Dex: 14    Spells: 1/33 levels left
                                        Lives:  0   Deaths: 2

rFire   . . .      SeeInvis +   (weapon unavailable)
rCold   + . .      Faith    .   (shield unavailable)
rNeg    . . .      Spirit   .   (body armour unavailable)
rPois   .          Reflect  .   (helmet unavailable)
rElec   .          Harm     .   (cloak unavailable)
rCorr   .          Rampage  .   (gloves unavailable)
Will    +....                   (boots unavailable)
Stlth   ++........              k - amulet of the acrobat
HPRegen 0.19/turn               x - +6 ring of intelligence
MPRegen 0.21/turn               s - +4 ring of protection

@: studying Transmutations, quick
A: very small, claws 1, fangs 3, see invisible, speed 1, shaggy fur 3, stealthy
paws, no weapons or thrown items, no armour, multi-lived
a: Renounce Religion


You were on level 14 of the Dungeon.
You worshipped Vehumet.
Vehumet was extremely pleased with you.
You visited 5 branches of the dungeon, and saw 23 of its levels.

You collected 2014 gold pieces.
You spent 1349 gold pieces at shops.

Inventory:

Jewellery
 k - an amulet of the acrobat (around neck)
 m - a ring of positive energy
 s - a +4 ring of protection (right paw)
 w - a ring of poison resistance
 x - a +6 ring of intelligence (left paw)
 D - a +6 ring of dexterity
 J - a +4 ring of slaying
 M - a +6 ring of dexterity
Wands
 j - a wand of flame (26)
 G - a wand of paralysis (12)
 N - a wand of roots (15)
Scrolls
 b - 2 scrolls of vulnerability
 f - 2 scrolls of summoning
 g - 2 scrolls of amnesia
 l - 2 scrolls of immolation
 o - 4 scrolls of poison
 p - 2 scrolls of blinking
 u - a scroll of butterflies
 y - 3 scrolls of magic mapping
 A - 3 scrolls of teleportation
 B - 2 scrolls of fear
Potions
 a - 3 potions of magic
 c - 7 potions of curing
 h - 5 potions of flight
 n - 2 potions of invisibility
 q - 2 potions of brilliance
 r - 3 potions of mutation
 v - a potion of cancellation {unknown}
 z - 5 potions of might
 H - 2 potions of lignification {unknown}
 I - 2 potions of attraction {unknown}
 K - 2 potions of ambrosia
 L - 2 potions of heal wounds
 P - a potion of berserk rage {unknown}
Miscellaneous
 C - a phantom mirror (inert)
 O - a lightning rod (2/4)


   Skills:
 - Level 9.6 Fighting
 - Level 13.2 Dodging
 - Level 2.8 Stealth
 * Level 11.2 Spellcasting
 * Level 14.0 Conjurations
 - Level 9.6 Hexes
 + Level 3.8 Summonings
 - Level 9.9 Translocations
 - Level 9.3 Transmutations


You had one spell level left.
You knew the following spells:

 Your Spells              Type           Power      Damage    Failure   Level
a - Magic Dart            Conj           100%       1d8       0%          1
b - Searing Ray           Conj           100%       2d8       0%          2
c - Iskenderun's Mystic   Conj/Tloc      75%        2d15      1%          4
d - Fulminant Prism       Conj/Hex       37%        3d18      1%          4
e - Apportation           Tloc           100%       N/A       1%          1
f - Passwall              Tmut/Erth      38%        N/A       1%          2
g - Irradiate             Conj/Tmut      37%        3d24      1%          5
h - Spellforged Servitor  Conj/Summ      32%        N/A       17%         7
i - Starburst             Conj/Fire      28%        6d9       7%          6

Your spell library contained the following spells:

 Spells                   Type           Power      Damage    Failure   Level
 Sandblast                Erth           34%        2d9       1%          1
 Dazzling Flash           Conj/Hex       100%       N/A       1%          3
 Gell's Gravitas          Tloc           68%        N/A       1%          3
 Lesser Beckoning         Tloc           68%        N/A       1%          3
 Stone Arrow              Conj/Erth      100%       3d13      1%          3
 Teleport Other           Tloc           68%        N/A       1%          3
 Blade Hands              Tmut           33%        N/A       1%          5
 Lightning Bolt           Conj/Air       28%        1d45      1%          5
 Airstrike                Air            8%         2d(2-18)  8%          4
 Alistair's Intoxication  Tmut/Pois      30%        N/A       12%         5
 Summon Lightning Spire   Summ/Air       29%        N/A       13%         4
 Animate Dead             Necr           17%        N/A       28%         4
 Dragon Form              Tmut           33%        N/A       47%         7
 Haunt                    Necr/Summ      14%        N/A       100%        7
 Infestation              Necr           8%         N/A       100%        8


Dungeon Overview and Level Annotations

Branches:
Dungeon (14/15)            Temple (1/1) D:6            Lair (5/5) D:9
 Shoals (0/4) Lair:2       Spider (0/4) Lair:2        Slime (0/5) Lair:5
    Orc (2/2) D:9             Elf (1/3) Orc:2
 Vaults: D:13-14

Altars:
Ashenzari
Cheibriados
Dithmenos
Elyvilon
Fedhas
Gozag
Hepliaklqana
Kikubaaqudgha
Makhleb
Nemelex Xobeh
Okawaru
Qazlal
Ru
Sif Muna
Trog
Uskayaw
Vehumet
Wu Jian
Xom
Yredelemnul
Zin
The Shining One
Jiyva

Shops:
D:2 (   D:4 *   D:5 *   D:7 ?   Orc:2 *::[(

Annotations:
D:3 2 transporters, Weotuc's ghost, amateur TeFE
D:8 exclusion: upstairs
D:11 3 runed translucent doors, Doxiuhun's ghost, journeyman GnSk
D:13 exclusion: 3 downstairs
Lair:3 exclusion: 4 oklob plants
Lair:4 exclusion: 2 downstairs
Orc:1 exclusion: downstairs
Orc:2 exclusion: downstairs


Innate Abilities, Weirdness & Mutations

You have sharp claws.
You have razor-sharp teeth.
You have supernaturally acute eyesight. (SInv)
You cover ground quickly. (Speed+)
Your thick and shaggy fur keeps you warm. (AC +3, rC+)
Your paws help you pounce on unaware monsters.
You are incapable of wielding weapons or throwing items.
You cannot wear armour.
You gain extra lives every three experience levels.


Message History

Unknown command.
Unknown command.
You start resting.
HP restored.
Unknown command.
Okay, then.
As you read the scroll of identify, it crumbles to dust.
F - a scroll of brand weapon
As you read the scroll of identify, it crumbles to dust.
h - 5 potions of flight
As you read the scroll of identify, it crumbles to dust.
n - 2 potions of invisibility
Okay, then.
You drop 8 potions of degeneration.
You drop 3 scrolls of enchant weapon.
You drop 4 scrolls of enchant armour.
You drop 3 scrolls of noise.
You drop a scroll of brand weapon.
Unknown command.
This staircase is marked as excluded!
Enter next level anyway?
You climb downwards.
The centaur shouts! x2; The centaur warrior shouts!
The centaur unwields a +0 shortbow.
The centaur closely misses you. The centaur completely misses you.
The centaur unwields a +0 shortbow.
The centaur hits you. The centaur completely misses you.
The centaur warrior shoots an arrow.
The arrow hits you!! The arrow freezes you. The centaur barely misses you.
The centaur kicks you but does no damage.
The centaur completely misses you. x2
There is a stone staircase leading up, spattered with blood here.
The centaur warrior shoots an arrow.
The arrow hits you!!
* * * LOW HITPOINT WARNING * * *
The arrow freezes you.
* * * LOW HITPOINT WARNING * * *
The centaur hits you but does no damage.
The centaur closely misses you. x2; The centaur completely misses you.
The centaur warrior shoots an arrow.
The arrow hits you!!
Ouch! That really hurt!
You die...

###.#....
.##.$....#
.......<.#
.#.......#
#.........
.#......#.....P
#...##..##......
......c..#...#..
......c@........
#....#.........
.## ##......#.
##.....# ...c.#
....... ......#
.....#.


You could see a centaur warrior and 2 centaurs.

Vanquished Creatures
  Gastronok (D:9)
  An orc warlord (Orc:1)
  Snorg (Lair:5)
  4 hydras
  Erolcha (D:9)
  A boulder beetle (Lair:4)
  A centaur warrior (D:13)
  11 two-headed ogres
  A tengu warrior (D:13)
  5 death yaks (Lair:5)
  An orc high priest (Orc:2)
  A nameless horror (Lair:5)
  A lindwurm (Lair:5)
  6 orc knights
  A deep elf zephyrmancer (Elf:1)
  2 deep elf archers (Elf:1)
  3 deep elf pyromancers
  4 cyclopes
  A manticore (D:12)
  2 orc sorcerers (Orc:2)
  4 elephants (Lair:3)
  A centaur zombie (D:10)
  A black mamba (Lair:2)
  3 centaur skeletons (D:10)
  14 cane toads
  2 torpor snails
  An unseen horror (D:7)
  5 rime drakes
  A redback zombie (D:10)
  7 komodo dragons
  A tengu conjurer (D:13)
  3 trolls
  2 hellwings (D:10)
  3 hornets
  4 polar bears
  26 blink frogs
  A meliai zombie (D:10)
  A shadow (D:9)
  A wraith (D:10)
  28 yaks
  7 wyverns
  An unseen horror simulacrum (D:8)
  2 basilisks
  4 vampire mosquitoes (D:11)
  Menkaure (D:4)
  3 wargs
  Duvessa (D:7)
  12 water moccasins
  5 acid dragons
  6 ice beasts
  29 orc warriors
  4 black bears
  6 wolves
  7 ogres
  11 centaurs
  2 phantoms (D:9)
  13 bullfrogs
  A gnoll sergeant (D:5)
  3 scorpions
  3 wights (D:8)
  Dowan (D:7)
  A troll zombie (D:9)
  10 killer bees
  7 howler monkeys
  5 electric eels
  4 hounds
  4 jellies
  18 orc priests
  A wyvern simulacrum (D:8)
  A gnoll bouda (D:5)
  24 orc wizards
  6 hell rats (Lair:5)
  3 centaur simulacra (D:8)
  5 ogre zombies (D:9)
  Robin (D:2)
  3 killer bee simulacra (D:8)
  9 gnolls
  7 adders
  7 river rats (Lair:5)
  5 shadow imps (D:10)
  7 white imps
  2 ufetubi
  10 worms
  4 dart slugs
  54 orcs
  6 ball pythons
  8 endoplasms
  3 giant cockroaches
  19 goblins
  12 hobgoblins
  2 jackals (D:2)
  7 quokkas
  5 bats
  8 frilled lizards
  A goblin skeleton (D:9)
  3 goblin zombies (D:9)
  A hobgoblin zombie (D:9)
  11 kobolds
  14 orc zombies (D:9)
  6 rats
584 creatures vanquished.

Vanquished Creatures (collateral kills)
  Nessos (Lair:5)
  A wolf (Lair:5)
2 creatures vanquished.

Vanquished Creatures (others)
  213 fulminant prisms
  37 fungi
  46 plants
  29 withered plants
325 creatures vanquished.

Grand Total: 911 creatures vanquished

Notes
Turn   | Place    | Note
-------+----------+-------------------------------------------
     0 | D:1      | 112233 the Felid Conjurer began the quest for the Orb.
     0 | D:1      | Reached XP level 1. HP: 7/7 MP: 4/4
     4 | D:1      | Noticed a death yak
   183 | D:1      | Noticed an elephant
   375 | D:1      | Reached XP level 2. HP: 11/11 MP: 1/6
   453 | D:1      | Reached skill level 4 in Conjurations
  1043 | D:1      | Learned a level 2 spell: Searing Ray
  1214 | D:1      | Reached XP level 3. HP: 14/14 MP: 4/7
  1249 | D:1      | Found a faded altar of an unknown god.
  1726 | D:2      | Found Noyrohoc's Weapon Emporium.
  2056 | D:2      | Noticed Robin
  2086 | D:2      | Killed Robin
  2087 | D:2      | Reached XP level 4. HP: 10/18 MP: 4/9
  2815 | D:2      | Reached skill level 5 in Conjurations
  3356 | D:2      | Reached XP level 5. HP: 21/21 MP: 0/10
  3927 | D:3      | Found a basalt altar of Yredelemnul.
  3938 | D:3      | Noticed a profane servitor
  4027 | D:3      | Found a glowing golden altar of the Shining One.
  4029 | D:3      | Noticed an angel
  4073 | D:3      | Found a transporter.
  4076 | D:3      | Noticed Weotuc's ghost (amateur TeFE)
  4091 | D:3      | Found a transporter.
  4407 | D:4      | Found Olih's General Store.
  4414 | D:4      | Bought a scroll of blinking for 90 gold pieces
  4540 | D:4      | Noticed Menkaure
  4545 | D:4      | Killed Menkaure
  4546 | D:4      | Gained mutation: You are covered in thick fur. (AC +2)
                  | [Felid growth]
  4546 | D:4      | Reached XP level 6. HP: 24/24 MP: 3/12
  4663 | D:4      | Learned a level 4 spell: Iskenderun's Mystic Blast
  4668 | D:4      | Learned a level 4 spell: Fulminant Prism
  4761 | D:4      | Reached skill level 6 in Conjurations
  4846 | D:4      | Reached skill level 1 in Hexes
  5178 | D:4      | Found a hazy altar of Hepliaklqana.
  5209 | D:4      | Found a snail-covered altar of Cheibriados.
  5452 | D:5      | Entered Level 5 of the Dungeon
  5675 | D:5      | Found a stormy altar of Qazlal.
  5976 | D:5      | Reached XP level 7. HP: 22/27 MP: 1/14
  6174 | D:5      | Found Faum's Fabulous Fripperies.
  6778 | D:5      | Reached skill level 7 in Conjurations
  7212 | D:6      | Found a staircase to the Ecumenical Temple.
  7275 | Temple   | Entered the Ecumenical Temple
  7313 | Temple   | Became a worshipper of Vehumet
  7715 | D:6      | Reached XP level 8. HP: 31/31 MP: 7/16
  8060 | D:6      | Reached skill level 5 in Spellcasting
  8060 | D:6      | Reached skill level 5 in Hexes
  8238 | D:7      | Noticed Dowan
  8238 | D:7      | Noticed an unseen horror
  8317 | D:7      | Noticed a hornet
  8441 | D:8      | Reached skill level 8 in Conjurations
  9103 | D:7      | Noticed Duvessa
  9218 | D:6      | Reached skill level 1 in Translocations
  9316 | D:6      | Reached skill level 1 in Fighting
  9492 | D:6      | Reached XP level 9. HP: 35/35 MP: 13/18
  9593 | D:6      | Found a glowing silver altar of Zin.
  9593 | D:6      | Found a shadowy altar of Dithmenos.
  9788 | D:7      | Found a shimmering altar of Xom.
  9879 | D:7      | Killed Duvessa
  9895 | D:7      | Killed Dowan
 10113 | D:7      | Killed an unseen horror
 10114 | D:7      | Reached skill level 9 in Conjurations
 10636 | D:7      | Learned a level 1 spell: Apportation
 10639 | D:7      | Learned a level 2 spell: Passwall
 10645 | D:7      | Learned a level 5 spell: Irradiate
 10657 | D:7      | Found Ociec's Magic Scroll Boutique.
 10664 | D:7      | Bought a scroll of identify for 20 gold pieces
 10664 | D:7      | Bought a scroll of magic mapping for 75 gold pieces
 10664 | D:7      | Bought a scroll of identify for 20 gold pieces
 10664 | D:7      | Bought a scroll of poison for 40 gold pieces
 10664 | D:7      | Bought a scroll of immolation for 40 gold pieces
 10674 | D:7      | Reached * piety under Vehumet
 10674 | D:7      | Offered knowledge of Foxfire by Vehumet.
 11309 | D:8      | Noticed a two-headed ogre
 11317 | D:8      | Killed a two-headed ogre
 11318 | D:8      | Reached skill level 5 in Dodging
 11334 | D:8      | Noticed a two-headed ogre
 11343 | D:8      | Killed a two-headed ogre
 11344 | D:8      | Reached skill level 5 in Translocations
 11344 | D:8      | Reached XP level 10. HP: 42/42 MP: 4/21
 11348 | D:8      | Noticed a two-headed ogre
 11553 | D:8      | Reached skill level 10 in Conjurations
 12578 | D:8      | Killed a two-headed ogre
 12589 | D:8      | Reached ** piety under Vehumet
 13041 | D:8      | Offered knowledge of Static Discharge by Vehumet.
 13233 | D:8      | Noticed a two-headed ogre
 13243 | D:8      | Killed a two-headed ogre
 13727 | D:10     | Entered Level 10 of the Dungeon
 13765 | D:10     | Found a bloodstained altar of Trog.
 13809 | D:10     | Reached skill level 5 in Fighting
 13809 | D:10     | Reached XP level 11. HP: 47/47 MP: 1/23
 13922 | D:9      | Reached skill level 11 in Conjurations
 14076 | D:9      | Noticed Erolcha
 14083 | D:9      | Killed Erolcha
 14569 | D:9      | Offered knowledge of Mephitic Cloud by Vehumet.
 14614 | D:9      | Found a staircase to the Orcish Mines.
 14784 | D:9      | Noticed a two-headed ogre
 14802 | D:9      | Killed a two-headed ogre
 15044 | D:9      | Reached *** piety under Vehumet
 15152 | D:9      | Noticed Gastronok
 15357 | D:8      | Noticed an orc knight
 15368 | D:8      | Killed an orc knight
 15491 | D:9      | Found a staircase to the Lair.
 15911 | D:10     | Found a hide-covered altar of Uskayaw.
 16200 | D:10     | Offered knowledge of Conjure Flame by Vehumet.
 16579 | D:10     | Found an opulent altar of Gozag.
 16579 | D:10     | Found a sparkling altar of Nemelex Xobeh.
 16987 | D:10     | Noticed a two-headed ogre
 17005 | D:10     | Killed a two-headed ogre
 17338 | D:10     | Identified the +6 hand axe of Cusevioh {protect, +Blink
                  | Int+5}
 17401 | D:10     | Found an ornate altar of the Wu Jian Council.
 17401 | D:10     | Found a sacrificial altar of Ru.
 17486 | D:11     | Noticed a two-headed ogre
 17494 | D:11     | Killed a two-headed ogre
 17495 | D:11     | Reached skill level 12 in Conjurations
 17613 | D:11     | Identified the +7 flail "Kycraaz" {freeze, rN+ rCorr Dex+2
                  | Stlth-}
 17776 | Orc:1    | Entered Level 1 of the Orcish Mines
 18335 | D:11     | Noticed Doxiuhun's ghost (journeyman GnSk)
 18665 | D:11     | Reached **** piety under Vehumet
 18782 | D:11     | Noticed a two-headed ogre
 18790 | D:11     | Offered knowledge of Lee's Rapid Deconstruction by Vehumet.
 18790 | D:11     | Killed a two-headed ogre
 18791 | D:11     | Reached skill level 1 in Transmutations
 18791 | D:11     | Gained mutation: Your thick and shaggy fur keeps you warm.
                  | (AC +3, rC+) [Felid growth]
 18791 | D:11     | Reached XP level 12. HP: 53/53 MP: 12/25
 18970 | D:11     | Noticed a minotaur
 18988 | D:11     | Noticed a boulder beetle
 19023 | D:11     | Found a runed translucent gate.
 19023 | D:11     | Found a runed translucent gate.
 19027 | D:11     | Found a runed translucent gate.
 19678 | D:12     | Noticed a two-headed ogre
 19706 | D:12     | Killed a two-headed ogre
 20740 | D:13     | Reached skill level 10 in Dodging
 20821 | D:13     | Noticed a two-headed ogre
 20821 | D:13     | Noticed a two-headed ogre
 20838 | D:13     | Killed a two-headed ogre
 20847 | D:13     | Killed a two-headed ogre
 21290 | D:13     | Noticed a centaur warrior
 21310 | D:13     | Killed a centaur warrior
 21843 | D:14     | Noticed a tengu warrior
 21843 | D:14     | Noticed a centaur warrior
 22252 | D:9      | Killed Gastronok
 23010 | Orc:2    | Entered Level 2 of the Orcish Mines
 23657 | Orc:2    | Reached ***** piety under Vehumet
 23976 | Orc:2    | Offered knowledge of Spellforged Servitor by Vehumet.
 23999 | Orc:2    | Noticed an orc high priest
 24003 | Orc:2    | Noticed an orc warlord
 24008 | Orc:2    | Killed an orc high priest
 24256 | Orc:2    | Reached XP level 13. HP: 42/58 MP: 6/27
 24751 | Orc:2    | Found Ukhloakhu's Book Shoppe.
 25380 | Orc:2    | Reached skill level 5 in Transmutations
 26126 | Orc:1    | Killed an orc warlord
 26716 | Orc:2    | Found a staircase to the Elven Halls.
 26746 | Orc:2    | Found Ajegivi's Antique Armour Shoppe.
 26762 | Orc:2    | Found Cerph's Antique Weapon Shoppe.
 26778 | Orc:2    | Found Bovufir's Book Shoppe.
 26785 | Orc:2    | Bought a manual of Transmutations for 960 gold pieces
 26794 | Orc:2    | Found Saomauk's General Store.
 26801 | Orc:2    | Bought a scroll of magic mapping for 82 gold pieces
 26801 | Orc:2    | Bought a scroll of identify for 22 gold pieces
 26809 | Orc:2    | Learned a level 7 spell: Spellforged Servitor
 27160 | Lair:1   | Entered Level 1 of the Lair of Beasts
 27677 | Lair:1   | Reached skill level 13 in Conjurations
 29196 | Lair:2   | Reached skill level 10 in Spellcasting
 29687 | Lair:2   | Found a hole to the Spider Nest.
 29749 | Lair:2   | Found a staircase to the Shoals.
 31049 | Lair:3   | Reached XP level 14. HP: 64/64 MP: 18/29
 31319 | Lair:3   | Reached skill level 1 in Summonings
 31794 | Lair:3   | Offered knowledge of Starburst by Vehumet.
 32298 | Lair:4   | Learned a level 6 spell: Starburst
 33859 | Lair:5   | Entered Level 5 of the Lair of Beasts
 34394 | Lair:5   | Noticed Snorg
 34414 | Lair:5   | HP: 3/64 [dire elephant (3)]
 34414 | Lair:5   | Mangled by a dire elephant
 34415 | Lair:5   | Reached XP level 13. HP: -8/60 MP: 25/28
 34618 | D:14     | Found a basalt altar of Yredelemnul.
 35060 | Elf:1    | Entered Level 1 of the Elven Halls
 35925 | Lair:5   | Killed Snorg
 36174 | Lair:5   | Noticed Nessos
 36178 | Lair:5   | Killed Nessos
 37979 | Lair:5   | Found a viscous altar of Jiyva.
 38138 | Lair:5   | Found a staircase to the Slime Pits.
 38632 | D:13     | Reached skill level 14 in Conjurations
 38974 | D:14     | Slain by a boulder beetle
 38975 | D:14     | Reached XP level 12. HP: 0/57 MP: 19/28
 39210 | D:14     | Shot with an arrow by a centaur warrior

Illustrated notes

Levels and vault maps discovered:
D:1:      sevenhm_arrival_forest_fort_small_2, layout_loops_cross,
          basic_ecumenical_altar
D:2:      layout_rooms, serial_shops, nicolae_shop_stone,
          serial_co_window_serial, co_window_paths_a,
          co_window_of_opportunity_a, co_window_paths_a, co_window_paths_b,
          co_window_paths_b, co_window_corner_a, co_window_paths_a,
          co_window_corner_b, co_window_2corner, co_window_broadway_b,
          co_window_2corner, co_window_of_opportunity_c, co_window_paths_c,
          co_window_corner_b, co_window_4corner_a, glass_columns_c,
          glass_columns_a, glass_columns_b, glass_columns_b, uniq_robin
D:3:      layout_loops_ring, grunt_temple_overflow_holy_war,
          gammafunk_ghost_arena
D:4:      layout_loops_ring, cheibriados_altar_1, nzn_hepliaklqana_mist_gate,
          serial_shops, shop, uniq_menkaure
D:5:      layout_rooms, nicolae_overflow_crystal_walls, nicolae_alphabet_shops,
          nicolae_wormholes
D:6:      layout_basic, gammafunk_temple_overflow_elements,
          minmay_temple_entry_stoned_glass
D:7:      layout_basic, mainiacjoe_overflow_surrounded_room, serial_shops,
          nicolae_shop_behind_doors, uniq_duvessa
D:8:      layout_basic, serial_ice, serial_ice_h, serial_ice_m, serial_ice_n,
          serial_ice_k, serial_ice_o, serial_ice_a, serial_ice_d, serial_ice_f,
          serial_ice_e, serial_ice_c, hellmonk_guarded_unrand_dark_maul
D:9:      layout_loops_ring, lair_entry_dummy, zombieorc1_lemuel, uniq_erolcha,
          uniq_gastronok
D:10:     cheibrodos_grave_circle, layout_loops_ring,
          grunt_temple_overflow_opulence, mainiacjoe_overflow_boulevard,
          gammafunk_temple_overflow_wave,
          nicolae_uskayaw_murder_on_the_dancefloor
D:11:     layout_loops_cross, maelrawn_ghost_gauntlet_escape
D:12:     layout_loops_ring, st_stairs_12
D:13:     layout_loops_ring
D:14:     layout_cave_pools, skrybe_vaults_entry_preservation,
          yredelemnul_altar_generic, muffindrake_ghost_dual_entry,
          minmay_misc_feat_chi, dreamdust_mushroom_princess,
          minmay_misc_feat_tower, vehumet_statue, uniq_kirke, uniq_jorgrun
Temple:   hellmonk_temple_two_chambers
Lair:1:   layout_cave_pods, chequers_serial_rivers_marsh, st_stairs_3
Lair:2:   layout_big_grid, elwin_shoals_entry_rocks, dummy_spider_entry,
          grunt_megastairs_2
Lair:3:   minmay_lair_oklob_chamber, layout_long_grid, infiniplex_staircase_pool
Lair:4:   layout_long_grid, gauntlet_entry_generic
Lair:5:   due_jungle_book, layout_long_grid, slime_entry_1,
          portal_ice_cave_rime, st_stairs_4, kennysheep_abandoned_house,
          uniq_snorg, uniq_nessos
Orc:1:    layout_caves
Orc:2:    grunt_orc_cross, layout_caves, serial_shops, shop
Elf:1:    eino_elf_arrival_the_gate, layout_geoelf_octagon, serial_shops,
          nicolae_shop_hallway_plus, gammafunk_ghost_cemetery,
          kennysheep_underground_church

Skill      XL: |  1  2  3  4  5  6  7  8  9 10 11 12 13 14 |
---------------+-------------------------------------------+-----
Conjurations   | 4 5 6 7 8 9 10 12 14 | 14.0
Spellcasting   | 3 4 5 6 7 8 9 11 | 11.2
Hexes          | 2 4 6 9 |  9.6
Dodging        | 3 5 7 9 10 13 | 13.2
Translocations | 1 5 7 9 |  9.9
Fighting       | 1 3 5 6 7 9 |  9.6
Transmutations | 1 4 8 9 |  9.3
Summonings     | 3 2 |  3.8
Stealth        | |  2.8

Action                   |  1- 3 |  4- 6 |  7- 9 | 10-12 | 13-15 || total
-------------------------+-------+-------+-------+-------+-------++-------
Melee: Unarmed           |     3 |     1 |     4 |     6 |     6 ||    20
       Bite              |       |       |       |     1 |     2 ||     3
 Cast: Magic Dart        |    81 |   134 |   121 |   140 |    44 ||   520
       Searing Ray       |     2 |    12 |    59 |   126 |    70 ||   269
       Fulminant Prism   |       |       |     7 |   117 |    89 ||   213
       Iskenderun's Myst |       |       |     3 |    61 |   232 ||   296
       Passwall          |       |       |       |     1 |     7 ||     8
       Spellforged Servi |       |       |       |       |     1 ||     1
Evoke: Wand              |       |       |     1 |    27 |    25 ||    53
       Lightning rod     |       |       |       |       |     4 ||     4
       Phantom mirror    |       |       |       |       |     2 ||     2
  Use: Potion            |       |     1 |     2 |     3 |     1 ||     7
       Scroll            |       |       |     8 |     5 |    10 ||    23
 Stab: Paralysed         |       |       |       |       |     4 ||     4
Armor: Skin              |     2 |       |    12 |    32 |    20 ||    66
Dodge: Dodged            |     9 |    19 |   105 |   278 |   228 ||   639
